 Dungeon Crawl Stone Soup version 0.25-a0-294-gea9b1ad378 (webtiles) character file.

Game seed: 14163926529128242550, levelgen mode: deterministic

5886 wolfbird the Basher (level 10, -4/91 (92) HPs)
             Began as a Minotaur Fighter on Dec 19, 2019.
             Was a Follower of Uskayaw.
             Slain by a 13-headed hydra (6 damage)
             ... on level 1 of the Lair of Beasts.
             The game lasted 01:30:42 (8746 turns).

wolfbird the Basher (Minotaur Fighter)              Turns: 8746, Time: 01:30:43

HP:   -4/91 (92)    AC: 14    Str: 28    XL:     10   Next: 52%
MP:   9/9           EV: 22    Int:  9    God:    Uskayaw [*.....]
Gold: 755           SH: 12    Dex: 11    Spells: 9/9 levels left

rFire    . . .     SeeInvis .   p - +2 hand axe (freeze)
rCold    . . .     Gourm    .   c - +0 shield
rNeg     . . .     Faith    .   T - +0 chain mail
rPois    .         Spirit   .   (helmet restricted)
rElec    .         Reflect  .   s - +0 cloak
rCorr    .         Harm     .   (no gloves)
MR       .....                  A - +0 pair of boots
Stlth    ..........             Q - amulet of the acrobat
HPRegen  0.25/turn              y - +4 ring of intelligence
MPRegen  0.11/turn              (no ring)

@: mighty, acrobat
A: retaliatory headbutt, horns 2
a: Stomp, Renounce Religion


You were on level 1 of the Lair of Beasts.
You worshipped Uskayaw.
Uskayaw was noncommittal.
You were hungry.

You visited 3 branches of the dungeon, and saw 11 of its levels.
You also visited: Ossuary.

You collected 755 gold pieces.

Inventory:

Hand Weapons
 m - a +1 dagger of holy wrath
 p - a +2 hand axe of freezing (weapon)
 B - a +2 flail of draining
 C - a +1 battleaxe
 J - a +0 great mace
 V - a +3 dire flail of freezing
 X - a +2 flail of protection
 Z - a +1 falchion of venom
Missiles
 a - 6 boomerangs (quivered)
 g - 45 bolts
 t - 171 arrows
Armour
 c - a +0 shield (worn)
 s - a +0 cloak (worn)
 A - a +0 pair of boots (worn)
 P - the +0 chain mail "Leuklul" {rElec rPois Str-5}
   (You found it on level 5 of the Dungeon)

   It affects your strength (-5).
   It insulates you from electricity.
   It protects you from poison.
 T - a +0 chain mail (worn)
Jewellery
 i - an uncursed amulet of magic regeneration
 n - an uncursed ring of resist corrosion {unknown}
 o - an uncursed amulet of the gourmand
 y - a +4 ring of intelligence (left hand)
 Q - an amulet of the acrobat (around neck)
Wands
 b - a wand of disintegration (13)
 q - a wand of clouds (4)
 r - a wand of paralysis (13)
 w - a wand of enslavement (8)
Scrolls
 j - a scroll of torment {unknown}
 v - a scroll of vulnerability {unknown}
 x - 2 scrolls of remove curse
 z - 4 scrolls of teleportation {unknown}
 D - a scroll of blinking {unknown}
 K - a scroll of magic mapping
 R - 2 scrolls of immolation {unknown}
 W - a scroll of enchant weapon {unknown}
 Y - a scroll of enchant armour {unknown}
Potions
 d - 2 potions of might
 k - a potion of flight
 l - a potion of haste {unknown}
 E - 4 potions of curing {unknown}
 F - a potion of invisibility {unknown}
 G - 4 potions of heal wounds {unknown}
 H - 2 potions of berserk rage {unknown}
 I - 2 potions of agility {unknown}
 L - 3 potions of resistance {unknown}
 M - 2 potions of degeneration {unknown}
 O - a potion of cancellation {unknown}
 S - 2 potions of lignification {unknown}
Miscellaneous
 e - a sack of spiders
Comestibles
 f - 25 rations


   Skills:
 * Level 9.7 Fighting
 + Level 3.5(8.3) Axes
 + Level 11.4(11.6) Maces & Flails
 - Level 0.8 Throwing
 + Level 9.6 Armour
 - Level 0.3 Dodging
 - Level 0.3 Stealth
 + Level 8.2 Shields


You had 9 spell levels left.
You didn't know any spells.
Your spell library was empty.

Dungeon Overview and Level Annotations

Branches:
Dungeon (10/15)            Temple (1/1) D:6            Lair (1/6) D:10
Ossuary (visited)
    Orc: D:9-12

Altars:
Ashenzari
Cheibriados
Dithmenos
Elyvilon
Fedhas
Hepliaklqana
Kikubaaqudgha
Makhleb
Nemelex Xobeh
Okawaru
Qazlal
Ru
Sif Muna
Trog
Uskayaw
Vehumet
Wu Jian
Xom
Yredelemnul
Zin
The Shining One

Shops:
D:7 =


Innate Abilities, Weirdness & Mutations

You reflexively headbutt those who attack you in melee.
You have a pair of horns on your head.


Message History

You block the 13-headed hydra's attack. x2
The 13-headed hydra completely misses you.
The 13-headed hydra bites you.
* * * LOW HITPOINT WARNING * * *
The 13-headed hydra bites you but does no damage.
The 13-headed hydra bites you.
* * * LOW HITPOINT WARNING * * *
The 13-headed hydra bites you but does no damage. x2
The 13-headed hydra bites you.
* * * LOW HITPOINT WARNING * * *
The 13-headed hydra bites you but does no damage.
The 13-headed hydra bites you.
* * * LOW HITPOINT WARNING * * *
The 13-headed hydra bites you but does no damage.
You block the 13-headed hydra's attack.
The 13-headed hydra completely misses you.
You block the 13-headed hydra's attack. The 13-headed hydra bites you!
* * * LOW HITPOINT WARNING * * *
The 13-headed hydra barely misses you. The 13-headed hydra bites you.
You die...

..............[..................
##.......#.#####...............P#
#......##.# #..########.#...#
#.......#. #..# .#...# #......P#.
#..# #...# #.....^... ##..##
#...## +......##. #....# #.....
##D.## #...## #.@.# #...# ##...#
P####...# ....... ........##
...................
..################## ###


You could see a 13-headed hydra.

Vanquished Creatures
  A troll (D:8)
  A spriggan (D:7)
  3 yaks (Lair:1)
  2 wraiths (D:8)
  2 wargs (D:10)
  Edmund (D:5)
  2 water moccasins (Lair:1)
  An orc warrior (D:6)
  A porcupine (Lair:1)
  A sky beast (D:7)
  2 ice beasts
  2 phantoms
  3 ogres
  A necrophage (D:8)
  3 centaurs
  A crocodile (Lair:1)
  A big kobold (D:7)
  2 elf zombies (D:8)
  5 bullfrogs
  A scorpion (D:4)
  6 killer bees (D:7)
  10 wights
  A howler monkey (D:8)
  2 crimson imps
  4 human zombies (D:8)
  A bullfrog zombie (D:6)
  2 hounds
  A quasit (D:6)
  4 orc priests
  11 orc wizards
  A centaur skeleton (D:7)
  2 iguanas
  A human skeleton (D:8)
  4 hell rats (Lair:1)
  8 worker ants
  A big kobold zombie (Ossuary)
  A hound zombie (D:7)
  A hound skeleton (D:2)
  8 mummies (Ossuary)
  A worker ant zombie (D:8)
  10 gnolls
  8 adders
  4 river rats (Lair:1)
  2 shadow imps
  2 oozes
  An adder skeleton (D:8)
  An adder zombie (D:7)
  2 worms
  2 dart slugs
  A leopard gecko (D:7)
  38 orcs
  5 giant cockroaches
  2 gnoll zombies (Ossuary)
  A hobgoblin (D:3)
  3 jackals (D:3)
  13 kobolds
  3 quokkas
  4 bats
  3 goblins
  A hobgoblin zombie (Ossuary)
  A jackal skeleton (D:4)
  2 kobold zombies (Ossuary)
  A leopard gecko skeleton (D:4)
  3 orc zombies
  11 rats
  2 plants (D:10)
232 creatures vanquished.

Notes
Turn   | Place    | Note
-------+----------+-------------------------------------------
     0 | D:1      | wolfbird the Minotaur Fighter began the quest for the Orb.
     0 | D:1      | Reached XP level 1. HP: 19/19 MP: 0/0
    77 | D:1      | You fall into a shaft and drop 1 floor!
   154 | D:2      | Reached XP level 2. HP: 27/27 MP: 1/1
   307 | D:2      | Reached XP level 3. HP: 34/34 MP: 2/2
   368 | D:2      | Found a snail-covered altar of Cheibriados.
  1008 | D:3      | Reached XP level 4. HP: 37/41 MP: 3/3
  1493 | D:3      | Found an iron altar of Okawaru.
  1929 | D:4      | Found a sand-covered staircase.
  1948 | Ossuary  | Entered an ossuary
  1981 | Ossuary  | Reached XP level 5. HP: 47/47 MP: 4/4
  1993 | Ossuary  | Reached skill level 1 in Maces & Flails
  2008 | Ossuary  | Reached skill level 5 in Armour
  2035 | Ossuary  | Reached skill level 5 in Fighting
  2266 | Ossuary  | Reached skill level 2 in Maces & Flails
  2446 | D:4      | Found a hide-covered altar of Uskayaw.
  2457 | D:4      | Reached XP level 6. HP: 56/56 MP: 5/5
  2464 | D:4      | Became a worshipper of Uskayaw the Reveler
  2533 | D:4      | Reached * piety under Uskayaw
  2536 | D:4      | Reached ** piety under Uskayaw
  2540 | D:4      | Reached *** piety under Uskayaw
  2555 | D:4      | Reached skill level 3 in Maces & Flails
  2857 | D:4      | Reached skill level 4 in Maces & Flails
  2857 | D:4      | Reached skill level 5 in Shields
  2857 | D:4      | Reached XP level 7. HP: 51/61 MP: 6/6
  2887 | D:4      | Reached **** piety under Uskayaw
  3037 | D:4      | Found a burning altar of Makhleb.
  3142 | D:5      | Entered Level 5 of the Dungeon
  3170 | D:5      | Noticed Edmund
  3184 | D:5      | Killed Edmund
  3184 | D:5      | Reached skill level 5 in Maces & Flails
  3244 | D:5      | Found a white marble altar of Elyvilon.
  3244 | D:5      | Found a glowing silver altar of Zin.
  3476 | D:5      | Got a polished chain mail
  3722 | D:5      | Found a shattered altar of Ashenzari.
  3784 | D:5      | Reached skill level 6 in Maces & Flails
  3784 | D:5      | Reached XP level 8. HP: 70/70 MP: 7/7
  3881 | D:5      | Found a sparkling altar of Nemelex Xobeh.
  4319 | D:6      | Reached skill level 7 in Maces & Flails
  4650 | D:6      | Found a staircase to the Ecumenical Temple.
  4659 | Temple   | Entered the Ecumenical Temple
  4664 | Temple   | Identified the +0 chain mail "Leuklul" {rElec rPois Str-5}
                  | (You found it on level 5 of the Dungeon)
  5352 | D:7      | Reached skill level 8 in Maces & Flails
  5462 | D:7      | Reached XP level 9. HP: 65/78 MP: 8/8
  5889 | D:7      | Reached skill level 9 in Maces & Flails
  6197 | D:7      | Found Iniogap's Jewellery Shoppe.
  6542 | D:8      | Noticed a two-headed ogre
  7223 | D:8      | Found a shadowy altar of Dithmenos.
  7292 | D:8      | Found an ornate altar of the Wu Jian Council.
  7421 | D:8      | Noticed a troll
  7427 | D:8      | Killed a troll
  7427 | D:8      | Reached skill level 10 in Maces & Flails
  7522 | D:8      | Found a sacrificial altar of Ru.
  7628 | D:8      | Reached XP level 10. HP: 81/89 MP: 6/9
  7702 | D:8      | Found a basalt altar of Yredelemnul.
  7746 | D:8      | Reached ***** piety under Uskayaw
  7995 | D:8      | You fall into a shaft and drop 2 floors!
  7995 | D:10     | Entered Level 10 of the Dungeon
  8071 | D:10     | Found a staircase to the Lair.
  8187 | Lair:1   | Entered Level 1 of the Lair of Beasts
  8268 | Lair:1   | Reached skill level 11 in Maces & Flails
  8669 | Lair:1   | Noticed a seven-headed hydra
  8746 | Lair:1   | HP: 2/91 [13-headed hydra (11)]
  8746 | Lair:1   | Slain by a 13-headed hydra

Levels and vault maps discovered:
D:1:      dpeg_arrival_connections, layout_loops_cross
D:2:      layout_basic, cheibriados_altar_1
D:3:      layout_loops_ring, okawaru_ov_weapons_minmay, first_ration
D:4:      minmay_octagon_keep, layout_basic, marbit_many_paths,
          eat_drink_and_be_merry_uskayaw, enter_ossuary_1
D:5:      layout_loops_ring, old_standard_altar, kennysheep_mini,
          gammafunk_temple_overflow_wave, uniq_edmund
D:6:      layout_loops_ring, lemuel_temple_firewalk_b,
          kennysheep_cross_bottleneck
D:7:      layout_loops_ring, serial_shops, shop_coins, the_bakery
D:8:      layout_basic, nicolae_dithmenos_the_darkroom,
          nicolae_overflow_crystal_walls, lemuel_mausoleum_altar_yredelemnul,
          old_standard_altar
D:10:     layout_roguey, erik_lair_orcish_takeover
Temple:   kb_temple_of_zot
Lair:1:   layout_regular_city, kennysheep_abandoned_house

Skill      XL: |  1  2  3  4  5  6  7  8  9 10 |
---------------+-------------------------------+-----
Fighting       | 4 5 6 8 9 |  9.7
Armour         | 4 5 6 7 9 |  9.6
Shields        | 4 5 6 7 8 |  8.2
Axes           | 3 |  3.5
Maces & Flails | 2 4 6 8 10 11 | 11.4
Throwing       | |  0.8
Dodging        | |  0.3
Stealth        | |  0.3

Action                   |  1- 3 |  4- 6 |  7- 9 | 10-12 || total
-------------------------+-------+-------+-------+-------++-------
Melee: War axe           |    70 |    29 |       |       ||    99
       Headbutt          |    12 |    27 |    48 |    40 ||   127
       Flail             |       |   124 |   350 |   174 ||   648
       Hand axe          |       |       |       |     7 ||     7
Throw: Stone             |       |    24 |       |       ||    24
       Boomerang         |       |       |       |    16 ||    16
Invok: Stomp             |       |       |     5 |     1 ||     6
Evoke: Sack of spiders   |       |       |       |     1 ||     1
  Use: Scroll            |       |     4 |     8 |     2 ||    14
       Potion            |       |       |       |     1 ||     1
 Stab: Paralysed         |       |     1 |     8 |     7 ||    16
  Eat: Chunk             |       |     6 |    17 |     4 ||    27
Armor: Scale mail        |    36 |    54 |       |       ||    90
       Chain mail        |       |     4 |   123 |    50 ||   177
Dodge: Dodged            |    19 |    32 |    86 |    38 ||   175
Block: Shield            |    30 |    85 |   137 |    45 ||   297

Table legend:
 A = Non-vault XP
 B = Vault XP
 C = Vault XP percentage of total XP
 D = Non-vault monster count
 E = Vault monster count
 F = Vault count percentage of total count
                 A         B        C        D         E       F
            +---------+---------+-------+---------+---------+-------
      Total |    5854 |    2555 |  30.4 |     169 |      61 |  26.5
            +---------+---------+-------+---------+---------+-------
        D:1 |       5 |       0 |   0.0 |       3 |       0 |   0.0
        D:2 |      64 |       0 |   0.0 |      17 |       0 |   0.0
        D:3 |     102 |       0 |   0.0 |      22 |       0 |   0.0
        D:4 |     416 |     234 |  36.0 |      27 |       9 |  25.0
        D:5 |     337 |     162 |  32.5 |       6 |       1 |  14.3
        D:6 |     684 |       0 |   0.0 |      19 |       0 |   0.0
        D:7 |    1453 |     224 |  13.4 |      39 |       1 |   2.5
        D:8 |    1502 |     987 |  39.7 |      28 |      12 |  30.0
       D:10 |     121 |     475 |  79.7 |       1 |       7 |  87.5
     Lair:1 |    1170 |     298 |  20.3 |       7 |      15 |  68.2
    Ossuary |       0 |     175 | 100.0 |       0 |      16 | 100.0
            +---------+---------+-------+---------+---------+-------
